[Event "FTX Crypto Cup MCCT 2022"]
[Site "Miami"]
[Date "2022.08.11"]
[Round "2.2"]
[White "Le, Quang Liem"]
[Black "Firouzja, Alireza"]
[Result "0-1"]
[ECO "D41"]
[WhiteElo "2722"]
[BlackElo "2793"]
[Annotator "TA"]
[PlyCount "60"]
[EventDate "2022.08.10"]
[EventType "tourn"]
[EventCountry "USA"]
[SourceTitle "playchess.com"]
[Source "ChessBase"]
[SourceQuality "1"]
[TimeControl "900+10"]

1. d4 {[%emt 0:00:00] Giri,Anish} Nf6 2. c4 e6 3. Nf3 d5 4. Nc3 c5 5. cxd5 cxd4 6. Qxd4 exd5 7. e4 {[%emt 0:00:28] D41: Queen's Gambit Declined: Semi-Tarrasch with 5 cxd5.} dxe4 $1 {[%emt 0:00:08][%mdl 4] is now more promising than 7...Nc6.} 8. Qxd8+ Kxd8 9. Ng5 {[%emt 0:00:00][%csl LRe4,LRf7] White has an edge.} Be6 10. Nxe6+ fxe6 11. Bd2 {[%emt 0:00:11] [#]} Nbd7 $5 $146 {[%emt 0:00:56][%mdl 8] An interesting novelty.} ({Predecessor:} 11... Nc6 12. O-O-O Ke8 13. Bb5 Rc8 14. Rhe1 Kf7 15. Kb1 Nd4 16. Bf1 Be7 17. Nxe4 Nxe4 18. Rxe4 {1-0 (61) Giri,A (2764)-Le,Q (2709) chess24.com INT 2020 CBM 200 [Giri,Anish]}) 12. g3 Rc8 13. Bg2 Bb4 14. Nxe4 Bxd2+ 15. Nxd2 Ke7 16. Ke2 (16. Bxb7 $11 Rc2 17. Nb3) 16... Rc2 $15 17. b3 Rhc8 $1 18. Bxb7 ({White should play} 18. Rhd1 $15) 18... R8c7 19. Bg2 {[%emt 0:00:04] [#]} (19. Kd1 $142) 19... Ne5 $1 $17 {[%emt 0:02:47][%mdl 1024] Black has strong compensation.} 20. Rhd1 Rd7 {[%emt 0:00:04] Black is much more active.} 21. a4 Nd3 22. a5 Ng4 {[%emt 0:03:15][%csl LRf2,LRh2] Pair of Knights!} 23. Be4 (23. Bf3 {only move.} Ngxf2 24. Rf1) 23... Ngxf2 $19 24. Bxd3 Nxd3 25. Ra4 $2 (25. Rab1 {nothing else works.}) 25... Nb2 $1 26. Ra2 e5 27. Kf3 $2 (27. b4) 27... Rdxd2 {[%emt 0:00:28] Black is clearly winning.} 28. Rxd2 Rxd2 29. b4 Nc4 {[%emt 0:00:09] [#] aiming for ...e4+.} 30. Ra4 Nd6 {[%emt 0:00:06] Weighted Error Value: White=0.54/Black=0.10 (very precise)} 0-1

[Event "FTX Crypto Cup MCCT 2022"]
[Site "Miami"]
[Date "2022.08.11"]
[Round "2.2"]
[White "Niemann, Hans Moke"]
[Black "Carlsen, Magnus"]
[Result "0-1"]
[ECO "C07"]
[WhiteElo "2688"]
[BlackElo "2864"]
[Annotator "TA"]
[PlyCount "108"]
[EventDate "2022.08.10"]
[EventType "tourn"]
[EventCountry "USA"]
[SourceTitle "playchess.com"]
[Source "ChessBase"]
[SourceQuality "1"]
[TimeControl "900+10"]

1. e4 e6 2. d4 d5 3. Nd2 c5 4. Ngf3 cxd4 5. Nxd4 Nc6 6. Bb5 Bd7 7. Nxc6 bxc6 8. Bd3 Bd6 {[%emt 0:00:18] C07: French Tarrasch: 3...c5, 4 Ngf3 and 4 exd5 Qxd5.} 9. Qe2 Ne7 {[%emt 0:01:14] 9...e5 is more advanced technology.} 10. e5 Bc7 {[%emt 0:00:02] The position is equal.} 11. O-O c5 $5 {[%emt 0:00:36][%mdl 4] [#] White must now prevent ...c4. An interesting side line.} 12. c4 Bc6 13. Nf3 (13. b3 $14) 13... dxc4 $11 14. Bxc4 O-O {[%emt 0:00:01] [#]} 15. Be3 $146 (15. Rd1 $11 {remains equal.} Qb8 16. Be3) ({Predecessor:} 15. Bd3 h6 16. Rd1 Qb8 17. Be3 Bb6 18. Bf4 Ng6 19. Bg3 Qb7 20. Ba6 Qe7 21. Bb5 {1-0 (80) Vavulin,M (2604)-Huzman,A (2552) Moscow 2017}) 15... Bxf3 $17 16. Qxf3 Bxe5 17. Bxc5 Qc7 (17... Bxh2+ {feels hotter.} 18. Kh1 Bd6 19. Rad1 Nf5) 18. Bxe7 Qxe7 19. Qe2 Qc7 20. g3 {[%emt 0:00:07] [#]} Bxb2 $1 21. Rab1 (21. Rad1 Bf6) 21... Bd4 22. Rfc1 Rac8 23. Qe4 Qd6 24. Kg2 g6 25. Rc2 Bb6 26. Bb3 Rxc2 27. Qxc2 Qd7 28. Qe2 Rc8 29. Rd1 Qc6+ 30. Qf3 Qxf3+ (30... Qb5 {looks sharper.} 31. Rd2 Rc1 32. Bd1 Kg7) 31. Kxf3 {[%emt 0:00:00][%mdl 4096] Endgame KRB-KRB} Rc3+ 32. Ke2 g5 33. Rf1 Kg7 {[%emt 0:00:54] Black is more active.} 34. Rd1 g4 35. h3 (35. Rd2 $17 {keeps fighting.}) 35... Rf3 $19 ({And not} 35... gxh3 36. Rh1 $17) 36. Rf1 (36. hxg4 $142 Rxf2+ 37. Ke1) 36... h5 37. hxg4 hxg4 38. Ke1 a5 39. Ke2 Kf6 40. Ke1 (40. Bd1 $142) 40... Ke5 41. Ke2 f5 42. Ke1 Kd6 43. Ke2 e5 44. Bg8 Bd4 45. Bf7 e4 46. Bg8 Ke5 {[%emt 0:00:09][%cal Od4f2] aiming for ...Bxf2!} 47. Bf7 (47. Ke1 $142) 47... e3 48. fxe3 Rxe3+ 49. Kf2 Kf6 {[%emt 0:00:01] And now ...Rf3+ would win.} 50. Bh5 Kg5 51. Rh1 Re7+ 52. Kg2 Re2+ {[%emt 0:00:01] Black mates.} 53. Kf1 Rf2+ 54. Ke1 Rxa2 {[%emt 0:00:00] Weighted Error Value: White=0.65/Black=0.16 (very precise)} 0-1

[Event "FTX Crypto Cup MCCT 2022"]
[Site "Miami"]
[Date "2022.08.11"]
[Round "2.3"]
[White "Carlsen, Magnus"]
[Black "Niemann, Hans Moke"]
[Result "1-0"]
[ECO "D00"]
[WhiteElo "2864"]
[BlackElo "2688"]
[Annotator "TA"]
[PlyCount "143"]
[EventDate "2022.08.10"]
[EventType "tourn"]
[EventCountry "USA"]
[SourceTitle "playchess.com"]
[Source "ChessBase"]
[SourceQuality "1"]
[TimeControl "900+10"]

1. a3 d5 2. d4 Nf6 3. Nf3 Bf5 4. c4 c6 5. Nc3 e6 6. Nh4 {[%emt 0:00:03] [#] D00: 1 d4 d5: Unusual lines.} Bg4 $146 ({Predecessor:} 6... Bg6 7. Nxg6 hxg6 8. e3 Nbd7 9. c5 e5 10. Be2 Qc7 11. h3 Be7 12. b4 Nf8 {½-½ (30) Calva Caballero,I-De los Santos Coello,J ICCF email 2018}) 7. f3 ({White should play} 7. Qb3 $14) 7... Bh5 $1 $11 8. cxd5 {[%emt 0:00:15] The position is equal.} cxd5 9. g3 Nc6 10. Ng2 Qb6 11. e3 Bd6 12. Nf4 (12. Be2 $11) 12... Bg6 (12... Bxf4 $17 13. gxf4 Ne4 $1) 13. Nxg6 hxg6 14. Kf2 (14. f4 $1 $11) 14... a6 15. Kg2 O-O (15... Ne7 $15) 16. g4 ({Better is} 16. f4 $11) 16... e5 $1 $15 17. g5 exd4 18. exd4 (18. Na4 Qc7 $1 19. gxf6 b5) 18... Nh5 19. Nxd5 Qxd4 20. Qxd4 Nxd4 21. Rb1 Rfd8 22. Bd3 Rac8 (22... Be5 $15 23. Be4 Ne2) 23. Rd1 $11 ({Reject} 23. Be3 Bxa3 $1 24. Be4 (24. bxa3 Rxd5 25. Be4 Nf5 $17) 24... Nf5 $1 25. bxa3 Rxd5 $1 $15) 23... Ne6 24. Be4 Kf8 25. Bd2 Nhf4+ 26. Nxf4 Nxf4+ 27. Kf1 ({But not} 27. Bxf4 Bxf4 28. h4 b6 $11) 27... b6 28. Bb7 Rb8 29. Bxa6 Ne6 30. Bc4 Nd4 31. Kg2 Rbc8 32. Ba6 Rc7 33. Bc3 Ne6 34. a4 (34. h4 $1 $16) 34... Ke7 {[%emt 0:00:07] [#]} (34... Nxg5 $11 {keeps the balance.} 35. Rd2 Ne6) 35. h4 $1 $16 Nf4+ ({Black should try} 35... Rh8 $14) 36. Kf2 Ne6 37. Bb5 {[%emt 0:00:06] This bishop pair is nice.} Rh8 {[%emt 0:00:07] [#]} 38. Rh1 Bc5+ 39. Kg3 (39. Kg2 $18) 39... Bd6+ 40. Kg2 Nf4+ (40... f6 $16) 41. Kf2 $18 Bc5+ 42. Kg3 Ne6 (42... Nh5+ $142 43. Kh3 Ra8 44. Rhe1+ Kf8) 43. Rbe1 {[%emt 0:00:03] Threatens to win with Bxg7.} Bd6+ 44. Kg2 f6 45. Re4 {[%emt 0:00:15] Strongly threatening Rhe1.} f5 46. Rc4 Nf4+ 47. Kf2 Bc5+ {[%emt 0:00:22] [#]} (47... Rxc4 $16 {keeps fighting.} 48. Bxc4 Bc5+ 49. Kg3 Nh5+ 50. Kh2 Bd6+ 51. Kg2 Nf4+ 52. Kf2 Bc5+ 53. Kg3 Nh5+ 54. Kh3 Nf4+ 55. Kg3) 48. Rxc5 $1 Rxc5 49. Bb4 ({Weaker is} 49. Bxg7 Rc2+ 50. Ke3 Nd5+ 51. Kd3 Rhc8 $11) 49... Ne6 50. Bxc5+ Nxc5 {[%emt 0:00:00][%mdl 4096] Endgame KRB-KRN} 51. b4 Ne6 52. Bc4 {[%emt 0:00:11] And now Re1 would win.} Nd4 $2 (52... Nf4 {is more resistant.} 53. Ke3 Ng2+ 54. Kd4 Rd8+ 55. Kc3 Ra8) 53. Re1+ Kd6 54. Rd1 Ke5 55. f4+ Ke4 56. Bf1 (56. Kg3 $142 {Black must now prevent Re1+.} Ke3 57. Rd3+ Ke4 58. Rc3) 56... Kd5 $2 (56... Nb3 57. Kg3 Rc8 58. Bg2+ Ke3) 57. a5 bxa5 58. bxa5 Rb8 59. a6 Kc5 60. Rc1+ Kd6 61. Ke3 (61. a7 $142 Ra8 62. Ke3) 61... Nc6 62. Rc3 {[%emt 0:00:29] Against Rb3} Na7 63. Bc4 Re8+ 64. Kf3 Re7 (64... Nc6 $142 65. Bf7 Ra8) 65. Re3 {[%emt 0:00:20] White threatens Rxe7 and mate.} Rd7 66. Rd3+ {[%emt 0:00:03] White mates.} Kc7 67. Rxd7+ Kxd7 68. Bf7 Kc6 69. Bxg6 Kb6 70. h5 Nc6 71. h6 gxh6 72. gxh6 {[%emt 0:00:00] Weighted Error Value: White=0.27 (precise) /Black=0.33} 1-0

[Event "FTX Crypto Cup MCCT 2022"]
[Site "Miami"]
[Date "2022.08.11"]
[Round "2.3"]
[White "Firouzja, Alireza"]
[Black "Le, Quang Liem"]
[Result "1-0"]
[ECO "C78"]
[WhiteElo "2793"]
[BlackElo "2722"]
[Annotator "TA"]
[PlyCount "169"]
[EventDate "2022.08.10"]
[EventType "tourn"]
[EventCountry "USA"]
[SourceTitle "playchess.com"]
[Source "ChessBase"]
[SourceQuality "1"]
[TimeControl "900+10"]

1. e4 e5 2. Nf3 Nc6 3. Bb5 a6 4. Ba4 Nf6 5. O-O b5 6. Bb3 Bc5 7. c3 d6 8. d4 Bb6 9. Re1 {[%emt 0:00:04] 9.Be3 is the modern continuation. C78: Ruy Lopez: Archangelsk and Möller Defences.} (9. a4 $5 ) 9... O-O 10. Bg5 h6 11. Bh4 {[%emt 0:00:02] The position is equal.} exd4 12. Bd5 Bd7 13. cxd4 g5 {[%emt 0:01:40] [#]} 14. Bxc6 $146 ({Predecessor:} 14. Nxg5 Nxd5 15. exd5 Nxd4 16. Qh5 Nf5 17. Re4 hxg5 18. Bxg5 f6 19. Bh6 Ng7 20. Bxg7 Kxg7 21. Rg4+ Bxg4 22. Qxg4+ {½-½ (22) Nytra,O (1953)-Walowy,B (2054) Czech Republic 2018}) 14... Bxc6 15. Qc1 {[%emt 0:01:52] And now Nxg5 would win.} Bxe4 {[%emt 0:02:01] [#]} (15... Ba5 $11 {remains equal.} 16. Re2 Bb7 17. Nxg5 Nxe4) 16. Nxg5 $1 $16 hxg5 17. Qxg5+ Bg6 18. Qxf6 Qxf6 19. Bxf6 Rfe8 20. Nc3 c6 {[%emt 0:00:55] Prevents Nd5.} 21. d5 c5 22. Ne2 (22. Rac1 $14) 22... Re4 (22... Ba5 $5 23. Bc3 b4 $14) 23. f3 c4+ 24. Kf1 Re3 25. Nf4 Bf5 26. Re2 (26. Bc3 $14) 26... Rae8 27. Rae1 b4 {[%emt 0:00:18] Prevents Bc3.} 28. Rxe3 Rxe3 29. Rc1 {[%emt 0:00:33] Prevents c3.} Bd3+ (29... Bd7 $1 $11 {and Black has nothing to worry.} 30. Ne2 (30. Rxc4 $2 Bb5 $19) 30... Bb5) 30. Nxd3 $18 cxd3 {[%emt 0:00:00][%mdl 4096] Endgame KRB-KRB} 31. Re1 {[%emt 0:00:34] Inhibits Re2.} d2 32. Rd1 b3 33. axb3 Ba5 {[%emt 0:00:01] [#]} 34. Bc3 $1 Bxc3 35. bxc3 Rxc3 36. Rxd2 Rxb3 {[%emt 0:00:03] KR-KR} 37. Ra2 Rb6 (37... Rb5 38. Rxa6 Rxd5) 38. Kf2 Kg7 39. g4 Kf6 40. f4 Rb5 $2 (40... Kg6 41. Kg3 f5) 41. Rxa6 Rxd5 42. h4 {[%emt 0:00:14][%cal Bh2h4,Bh4h5][%mdl 32] h5 is the strong threat.} Rd1 43. h5 Ke6 44. Ra2 Kf6 45. Ra5 Rh1 46. Kg2 Rh4 47. Kg3 Rh1 48. Ra2 d5 49. Ra6+ Ke7 50. h6 d4 51. Kf3 {[%emt 0:00:15] aiming for g5.} Rh3+ 52. Ke4 $2 (52. Ke2 $18 Kf8 53. Ra8+ Ke7 54. g5) 52... d3 $16 53. g5 d2 54. Ra1 {[%emt 0:00:02] Black must now prevent Rd1.} Ke6 $2 {[%emt 0:00:49][%mdl 8192] [#]} (54... Rh2 $16 55. Rb1 Kf8) 55. Rd1 $1 $18 Rh2 56. f5+ Ke7 57. Ke3 f6 58. g6 {[%emt 0:00:02] Threatening mate with h7.} Rxh6 59. Rxd2 {[%emt 0:00:00] Intending Rb2 and mate.} Rh5 60. Kf4 Rh4+ 61. Kf3 {[%emt 0:00:08] White wants to mate with Re2+.} Rh5 62. Re2+ $2 (62. Kg4 $18 {is the precise move to win.} Rg5+ 63. Kf4) 62... Kf8 $16 63. Kg4 Rg5+ $2 (63... Rh1 $16 64. Re6 Kg7 65. Re7+ Kg8) 64. Kf4 Rg1 65. Re6 Rf1+ 66. Kg4 Rg1+ 67. Kf4 Rf1+ 68. Ke4 {[%emt 0:00:14] White mates.} Re1+ 69. Kd5 Rd1+ 70. Kc6 Kg7 71. Re7+ Kg8 72. Rf7 Ra1 73. Kd7 Ra7+ 74. Ke8 Ra5 75. Rxf6 Re5+ 76. Kd7 Kg7 77. Rf7+ Kg8 78. Kd6 Ra5 79. Ke6 Ra6+ 80. Ke5 Ra5+ 81. Kf6 Ra6+ 82. Kg5 Ra5 83. Rb7 Rc5 84. Kh6 Rxf5 85. Rb8+ {[%emt 0:00:01] Weighted Error Value: White=0.27 (precise) /Black=0.34} 1-0

[Event "FTX Crypto Cup MCCT 2022"]
[Site "Miami"]
[Date "2022.08.11"]
[Round "2.3"]
[White "Duda, Jan-Krzysztof"]
[Black "Aronian, Levon"]
[Result "1/2-1/2"]
[ECO "C55"]
[WhiteElo "2750"]
[BlackElo "2775"]
[Annotator "TA"]
[PlyCount "68"]
[EventDate "2022.08.10"]
[EventType "tourn"]
[EventCountry "USA"]
[SourceTitle "playchess.com"]
[Source "ChessBase"]
[SourceQuality "1"]
[TimeControl "900+10"]

1. e4 e5 2. Nf3 Nc6 3. Bc4 Nf6 4. d3 Be7 5. Nc3 O-O 6. O-O d6 7. a4 $1 {[%emt 0:00:02][%mdl 4] 7.a4 is a critical line. C55: Two Knights: 4 d3, 4 d4 exd4 5 e5 and Max Lange Attack.} Na5 8. Ba2 c5 9. Bg5 {[%emt 0:00:50] White has an edge.} Nc6 10. Bxf6 Bxf6 11. Nd5 g6 12. c3 {[%emt 0:00:03] [#]} a5 $146 ({Predecessor:} 12... Bg7 13. h3 Be6 14. Qd2 Ne7 15. Nxe7+ Qxe7 16. b4 cxb4 17. cxb4 Rfd8 18. Bxe6 Qxe6 {½-½ (48) Vykouk,J (2476)-Malinovsky,K (2463) Ceske Budejovice 2022}) 13. Nd2 {[%emt 0:00:14] Pair of Knights!} Be6 14. Re1 ({White should try} 14. f4 $14) 14... Bg5 $11 15. Nf1 Kg7 16. Bc4 Ne7 17. Nxe7 Qxe7 18. Qb3 Rab8 19. Rad1 Bg4 {[%emt 0:00:30] The position is equal.} 20. f3 Bd7 21. Ne3 Qe8 22. Ra1 Qd8 23. Nd5 Bc6 24. Qb6 Qxb6 25. Nxb6 Bd8 26. Nd5 f5 27. Kf1 h5 28. Ke2 h4 29. h3 Kh6 30. Reb1 Ra8 31. Ne3 Bg5 32. Nd5 Bd8 {[%emt 0:00:02] Inhibits Nb6.} 33. Ne3 Bg5 34. Nd5 Bd8 {[%emt 0:00:01] Weighted Error Value: White=0.07 (flawless) /Black=0.05 (flawless)} 1/2-1/2

[Event "FTX Crypto Cup MCCT 2022"]
[Site "Miami"]
[Date "2022.08.11"]
[Round "2.3"]
[White "Praggnanandhaa R"]
[Black "Giri, Anish"]
[Result "1/2-1/2"]
[ECO "C77"]
[WhiteElo "2648"]
[BlackElo "2760"]
[Annotator "TA"]
[PlyCount "138"]
[EventDate "2022.08.10"]
[EventType "tourn"]
[EventCountry "USA"]
[SourceTitle "playchess.com"]
[Source "ChessBase"]
[SourceQuality "1"]
[TimeControl "900+10"]

1. e4 e5 2. Nf3 Nc6 3. Bb5 a6 4. Ba4 Nf6 5. d3 Bc5 6. c3 O-O {[%emt 0:00:01] C77: Ruy Lopez: 3...a6 4 Ba4 Nf6, unusual lines.} 7. Bxc6 bxc6 8. Nxe5 d5 9. d4 (9. Nxc6 Qd6 10. Nd4 Re8) 9... Bb6 10. O-O dxe4 11. Bg5 h6 12. Bxf6 Qxf6 13. Nd2 c5 14. Nxe4 {[%emt 0:00:14] Pair of Knights!} Qe6 {[%emt 0:00:00] [#] aiming for ...cxd4.} 15. Re1 cxd4 16. cxd4 Rd8 17. Nf3 (17. Nc5 {is more complex.} Bxc5 18. Qf3 Bb7 19. Qxb7 Bxd4 20. Nc6) 17... Qf5 18. Rc1 Bb7 19. Qc2 a5 20. h3 Re8 21. Nc5 Qxc2 {[%emt 0:00:04] [#]} 22. Rxc2 $146 ({Predecessor:} 22. Rxe8+ Rxe8 23. Rxc2 {½-½ (23) Verst,P (2378)-Gierden,H (2342) ICCF email 2018}) 22... Bxf3 23. Rxe8+ Rxe8 24. gxf3 $11 {[%emt 0:00:01][%mdl 4096] Endgame KRB-KRN} Re1+ 25. Kg2 Rd1 26. Na6 Rxd4 27. Nxc7 Bxc7 28. Rxc7 {[%emt 0:00:01] KR-KR} g5 29. Rb7 Kg7 30. Rb5 Rd2 31. a4 Kg6 32. f4 gxf4 33. Kf3 (33. Rxa5 Rxb2 34. Kf3 h5 $11) 33... f6 34. h4 h5 35. b3 (35. Rxa5 Rxb2 36. Rb5 (36. Kxf4 Rxf2+ 37. Kg3 Ra2 $11) 36... Ra2 $14) 35... Rb2 36. Kg2 (36. b4 $5) 36... Rb1 37. Rb8 Kf5 38. Kf3 Rb2 39. Rb6 Ke5 $2 (39... Kg6 $11 {and Black stays safe.}) 40. Rb5+ $18 Ke6 41. Rb6+ $2 ({Only move:} 41. Rxh5 $18 f5 42. Rh6+ (42. Kxf4 Rxf2+ 43. Ke3 Rg2 $14) 42... Ke7 43. Rb6 (43. Kxf4 Rxf2+ 44. Kg5 f4 $18)) 41... Kf5 $11 42. Rb8 Kg6 43. Rb5 Rc2 44. Rxa5 Rc3+ 45. Kxf4 Rxb3 46. f3 {[%emt 0:00:01] Hoping for Rb5.} Rb4+ 47. Kg3 Kf7 48. Ra8 ({Much less strong is} 48. Rxh5 $6 Rxa4 49. Rc5 Ra1 $16) 48... Ke6 49. Re8+ Kf5 $1 50. Re4 Rb3 (50... Rxe4 51. fxe4+ Kxe4 52. a5 Kd5 53. Kf4 Kd6 54. Kf5 Kd7 55. Kxf6) 51. Rc4 Ra3 52. Rc5+ Kg6 $1 53. a5 Ra4 54. f4 {[%emt 0:00:05] [#] Black must now prevent Kf3.} (54. Rd5 $5 ) 54... Ra3+ 55. Kg2 Ra4 $2 (55... Kh6 $11) 56. Kf3 $18 Kh6 57. Kg3 $2 (57. Ke3 $18 Ra3+ 58. Kd4) 57... Kg6 $11 58. Rd5 {[%emt 0:00:13] Threatens to win with Kf3.} Kh6 $2 (58... Ra3+ $11 59. Kf2 Kh6) 59. Rb5 $2 (59. Kf3 $18 {And now Ke3 would win.} Kg6 60. Ke3) 59... Kg6 $2 (59... Ra3+ $1 $11 60. Kf2 Rh3) 60. f5+ $2 ({White must play} 60. Kf3 $18 Ra3+ 61. Ke4) 60... Kh6 {[%emt 0:00:05] The position is equal.} 61. Rb6 Ra3+ 62. Kg2 Rxa5 63. Rxf6+ Kg7 64. Rg6+ Kf7 65. Rg5 Kf6 66. Rxh5 Rxf5 67. Rxf5+ Kxf5 68. h5 Kg5 69. h6 {[%emt 0:00:00] h7 is the strong threat.} Kxh6 {[%emt 0:00:01] Weighted Error Value: White=0.36/Black=0.26 (precise)} 1/2-1/2

[Event "FTX Crypto Cup MCCT 2022"]
[Site "Miami"]
[Date "2022.08.11"]
[Round "2.4"]
[White "Aronian, Levon"]
[Black "Duda, Jan-Krzysztof"]
[Result "1/2-1/2"]
[ECO "D02"]
[WhiteElo "2775"]
[BlackElo "2750"]
[Annotator "TA"]
[PlyCount "109"]
[EventDate "2022.08.10"]
[EventType "tourn"]
[EventCountry "USA"]
[SourceTitle "playchess.com"]
[Source "ChessBase"]
[SourceQuality "1"]
[TimeControl "900+10"]

1. d4 d5 2. Nf3 Nf6 3. c3 e6 4. Bf4 c5 5. e3 Qb6 6. Qb3 Be7 {[%emt 0:01:07] D02: 1 d4 d5 2 Nf3 sidelines, including 2...Nf6 3 g3 and 2...Nf6 3 Bf4.} 7. Nbd2 O-O 8. Be2 Bd7 9. O-O Rc8 10. Ne5 {[%emt 0:00:39] [#]} Be8 $146 ({Predecessor:} 10... Nc6 11. Qxb6 axb6 12. Nxd7 Nxd7 13. a3 Bd8 14. Rad1 {½-½ (14) Jakubowski,K (2481)-Janik,I (2471) Warsaw 2020}) 11. Bg5 h6 12. Bh4 Nc6 13. f4 cxd4 (13... Qc7 {feels hotter.} 14. Nxc6 Bxc6 15. Bxf6 Bxf6 16. Nf3 Be8) 14. Qxb6 axb6 15. exd4 Ne4 16. Nxe4 Bxh4 (16... dxe4 $11 17. Nxc6 Bxh4) 17. Nd6 $14 {[%emt 0:00:03][%csl LRb7,LRc8] Pair of Knights!} Rc7 18. Nxe8 {[%emt 0:00:51] 0x0.0002da4f8648dp-1022s more active pieces.} Rxe8 19. Bb5 Ra8 20. a3 g6 21. g4 Nxe5 22. fxe5 Kg7 23. Rf3 Rf8 24. Kg2 f6 25. exf6+ Rxf6 26. Rxf6 Kxf6 $11 {[%emt 0:00:04][%mdl 4096] Endgame KRB-KRB} 27. Kh3 Kg5 28. Rf1 {[%emt 0:00:02] Against Rf7. Black should prevent Be8.} Re7 {[%emt 0:00:02] Against Be8} 29. Bd3 {[%emt 0:00:03][%cal Od3g6] Threatens to win with Bxg6!} e5 {[%emt 0:00:06] [#] The position is equal.} 30. Bxg6 $1 {[%emt 0:00:01] Bh5 would kill now.} exd4 31. Rf5+ Kxg6 32. Kxh4 dxc3 33. bxc3 {[%emt 0:00:03] KR-KR} Re3 34. Rxd5 {[%emt 0:00:10] [#] Rd6+ is the strong threat.} Rxc3 35. Rd6+ Kg7 36. Rxb6 Rxa3 37. Rxb7+ Kg6 38. Rb6+ Kg7 39. Rb1 Kg6 40. Rg1 Ra2 41. h3 h5 42. Rg3 hxg4 43. hxg4 Rh2+ 44. Rh3 Rxh3+ 45. Kxh3 {[%emt 0:00:01] KP-K} Kg5 46. Kg3 Kg6 47. Kh4 Kh6 48. g5+ Kg6 49. Kg4 Kg7 50. Kf5 Kf7 51. g6+ Kg7 52. Kg5 Kg8 53. Kh6 {[%emt 0:00:00] White threatens g7 and mate.} Kh8 54. g7+ Kg8 55. Kg6 {[%emt 0:00:00] Weighted Error Value: White=0.04 (flawless) /Black=0.03 (flawless)} 1/2-1/2

[Event "FTX Crypto Cup MCCT 2022"]
[Site "Miami"]
[Date "2022.08.11"]
[Round "2.4"]
[White "Giri, Anish"]
[Black "Praggnanandhaa R"]
[Result "0-1"]
[ECO "E53"]
[WhiteElo "2760"]
[BlackElo "2648"]
[Annotator "TA"]
[PlyCount "162"]
[EventDate "2022.08.10"]
[EventType "tourn"]
[EventCountry "USA"]
[SourceTitle "playchess.com"]
[Source "ChessBase"]
[SourceQuality "1"]
[TimeControl "900+10"]

1. d4 Nf6 2. c4 e6 3. Nc3 Bb4 4. e3 O-O 5. Bd3 d5 6. a3 Bxc3+ 7. bxc3 dxc4 8. Bxc4 c5 9. Nf3 Qc7 10. Be2 b6 {[%emt 0:00:01] E53: Nimzo-Indian: Rubinstein: Main Line (4...0-0 5 Nf3 d5 6 Bd3 c5 7 0-0).} 11. Bb2 {[%emt 0:00:03] outshines the older 11.0-0.} cxd4 $5 {[%emt 0:00:16][%mdl 4] A promising side line.} 12. cxd4 Ba6 {[%emt 0:00:01] The position is equal.} 13. O-O {[%emt 0:00:11] [#]} Qb7 $5 $146 {[%emt 0:00:52][%mdl 8] New and interesting.} ({Predecessor:} 13... Bxe2 14. Qxe2 Nbd7 15. e4 Rac8 16. Rfc1 Qb7 17. Re1 h6 18. Rab1 Rc7 19. Nd2 Rfc8 {1-0 (67) Erigaisi,A (2675)-Aryan,C (2609) Sharjah 2022}) 14. Re1 Bxe2 15. Qxe2 Nbd7 16. e4 Rac8 17. h3 b5 18. Rad1 h6 19. Nh2 b4 20. axb4 Qxb4 21. Rd3 {[%emt 0:01:45] [#]} (21. Bc1 $11) 21... Rc2 $1 $17 22. Ba3 Rxe2 {[%emt 0:00:19] 0x0.00236438f2f8dp-1022s more active pieces.} 23. Bxb4 Rxe1+ 24. Bxe1 Nxe4 25. d5 Ndc5 26. Ra3 exd5 27. f3 Ng5 28. Rxa7 Rc8 29. Ra1 Nge6 30. Rd1 d4 31. Ng4 Rb8 32. Bg3 Rb3 33. Nf2 Na4 34. Kf1 Nc3 {[%emt 0:00:15] Pair of Knights!} 35. Ra1 Kh7 36. Bd6 (36. h4 $17) 36... Nd5 $19 37. Kg1 Kg6 38. Re1 (38. Nd1 $142) 38... h5 39. Be5 Ne3 40. Ne4 (40. Bd6 {is a better defense.}) 40... h4 41. Nf2 Nc4 (41... Kf5 $142 42. Bd6 Nf4 43. Bxf4 Kxf4) 42. Bh2 (42. Bxd4 {nothing else works.} Nxd4 43. Re4) 42... d3 43. Ne4 d2 44. Rd1 Rd3 45. Kf1 f5 46. Nf2 (46. Nxd2 $142 Rxd2 47. Rxd2 Nxd2+ 48. Ke1) 46... Rd7 47. Ra1 Ne3+ 48. Ke2 Nd4+ ({Wrong is} 48... Nxg2 $2 49. Rg1 Nd4+ 50. Kf1 (50. Kd1 $2 Nxf3 51. Rxg2+ Kh5 $19) 50... Nxf3 51. Rxg2+ Kf6 52. Nd1 $19) 49. Kxd2 Nb3+ ({Don't go for} 49... Nxg2 $2 50. Kc3 $19) 50. Kxe3 {[%emt 0:00:01] Ra6+ is the strong threat.} Nxa1 {[%emt 0:00:01][%mdl 4096] Endgame KRN-KBN} 51. Nd3 {[%emt 0:00:10] aiming for Ne5+.} Nc2+ 52. Ke2 Nd4+ 53. Ke3 {[%emt 0:00:01] Threatens to win with Ne5+.} Nc2+ 54. Ke2 {[%emt 0:00:02] And now Ne5+ would win.} Kh5 55. Nf4+ Kh6 56. Nd3 Nd4+ 57. Ke3 Ne6 58. f4 $2 (58. Be5) 58... Ra7 59. Bg1 Ra3 60. Ke2 Ra2+ 61. Kf3 Kh5 62. Be3 Ra3 63. Ke2 Rb3 64. Ne5 Rb4 65. Nd3 Ra4 66. Kf3 Nc7 67. Bd2 (67. Bc5 $142) 67... Nd5 68. Ke2 Ra2 {[%emt 0:00:09] Hoping for ...Nc3+.} 69. Ke1 Nf6 {[%emt 0:00:09] Strongly threatening ...Ne4.} 70. Nf2 $2 (70. Nb4 Rb2 71. Nd3) 70... Ne4 71. Nxe4 fxe4 {[%emt 0:00:01] KR-KB} 72. f5 Rb2 73. Ke2 {[%emt 0:00:16] [#]} Rb5 (73... Rxd2+ $142 $1 74. Kxd2 Kg5 75. Ke3 Kxf5 76. Kf2 Kf4 77. Kf1 e3 78. Ke1 Ke4 79. Kf1 Kd3 80. Kg1 Kd2 81. g3 e2 82. Kf2 e1=Q+ 83. Kf3 hxg3 84. h4 Qe3+ 85. Kg2 Qf2+ 86. Kh3 g2 87. Kg4 g1=Q+ 88. Kh5 Qf7#) 74. Bc3 Rxf5 {[%emt 0:00:32] ( -> ...Rc5)} 75. Bxg7 Rg5 {[%emt 0:00:01][%csl LRg2,LRg7] Black mates.} 76. Bd4 Rxg2+ 77. Ke3 Rg3+ 78. Kxe4 Rxh3 79. Kf4 Rb3 80. Bf2 h3 81. Bg1 Rb2 {[%emt 0:00:09] Weighted Error Value: White=0.35/Black=0.31} 0-1